 Dungeon Crawl Stone Soup version 0.30.1-1-g62c8e00024 (webtiles) character file.

Game seed: 8456366848737354038

561 cdecastro the Magician (level 7, -1/52 HPs)
             Began as a Djinni Fire Elementalist on July 14, 2023.
             Slain by Edmund
             ... wielding a +1 dire flail of distortion
              (5 damage)
             ... on level 4 of the Dungeon.
             The game lasted 00:07:20 (3585 turns).

cdecastro the Magician (Djinni Fire Elementalist)   Turns: 3585, Time: 00:07:21

Health: -1/52      AC:  2    Str: 13    XL:     7   Next: 57%
Gold:   166        EV: 12    Int: 19    God:
                   SH:  0    Dex: 13

rFire   + + +        o - +0 dagger (venom)
rCold   x . .        (no shield)
rNeg    . . .        a - +0 robe
rPois   ∞            (no helmet)
rElec   .            (no cloak)
rCorr   .            (no gloves)
SInv    .            (boots unavailable)
Will    .....        (no amulet)
Stlth   ++           j - ring of protection from fire
HPRegen 0.28/turn    r - +6 ring of strength
MPRegen 0.00/turn

%: infuse magic (-2 HP)
@: flying
A: sickness immunity, fire resistance 2, cold vulnerability 1, float, innate
caster, HP casting, extra vitality 1
a: no special abilities


You were on level 4 of the Dungeon.
You visited 1 branch of the dungeon, and saw 5 of its levels.

You collected 166 gold pieces.

Inventory:

Hand Weapons
 f - a +0 dagger
 o - a +0 dagger of venom (weapon)
 x - a +2 dagger of freezing
Armour
 a - a +0 robe (worn)
 u - a +1 hat
 v - a +0 helmet
Jewellery
 j - a ring of protection from fire (left hand)
 r - a +6 ring of strength (right hand)
 t - a +6 ring of intelligence
Wands
 w - a wand of flame (14)
Scrolls
 c - 3 scrolls of vulnerability {unknown}
 g - 2 scrolls of magic mapping {unknown}
 i - 6 scrolls of identify {unknown}
 l - 2 scrolls of fear {unknown}
 m - 2 scrolls of noise {unknown}
 p - a scroll of butterflies {unknown}
 q - a scroll of teleportation {unknown}
 s - a scroll of torment {unknown}
Potions
 b - 3 potions of heal wounds {unknown}
 d - a potion of mutation {unknown}
 e - 5 potions of might {unknown}
 h - 2 potions of haste {unknown}
 k - 4 potions of curing {unknown}
 n - a potion of brilliance {unknown}


   Skills:
 + Level 4.1 Fighting
 - Level 2.1 Dodging
 - Level 1.5 Stealth
 * Level 5.3 Spellcasting


You knew the following spells:

 Your Spells              Type           Power      Damage    Failure   Level
a - Foxfire               Conj/Fire      100%       2x1d9     1%          1
b - Scorch                Fire           50%        2d7       1%          2
c - Volatile Blastmotes   Fire/Tloc      50%        2d14      4%          3
d - Inner Flame           Hex/Fire       25%        N/A       4%          3
e - Flame Wave            Conj/Fire      25%        2d8       13%         4
f - Summon Small Mammal   Summ           100%       N/A       1%          1
g - Lesser Beckoning      Tloc           50%        N/A       1%          2
h - Portal Projectile     Hex/Tloc       50%        N/A       4%          3
Your spell library was empty.

Dungeon Overview and Level Annotations

Branches:
Dungeon (5/15)
 Temple: D:4-7

Altars:
Elyvilon
Wu Jian
Zin

Annotations:
D:4 Edmund


Innate Abilities, Weirdness & Mutations

You are immune to sickness and miasma.
You are immune to poison.
Your flesh is very heat resistant. (rF++)
You are vulnerable to cold. (rC-)
You float through the air rather than walking.
You learn spells naturally, not from books.
Your magical power is your life essence.
You have superior vitality. (+4 MHP)


Message History

Unknown command.
Casting: Foxfire (safe; 1% risk of failure)
Confirm with . or Enter, or press ? or * to list all spells.
Flames lash Edmund.
Edmund is lightly wounded.
Edmund's fire resistance burns away.
You hear a shout!
The foxfire hits Edmund but does no damage.
Edmund is lightly wounded.
The foxfire hits Edmund but does no damage.
Edmund is lightly wounded.
Casting: Scorch (safe; 1% risk of failure)
Confirm with . or Enter, or press ? or * to list all spells.
Flames lash Edmund.
Edmund is burned terribly!
Edmund is heavily wounded.
Edmund hits you with a +1 dire flail of distortion!
Space warps horribly around you!!
* * * LOW HITPOINT WARNING * * *
Casting: Scorch (safe; 1% risk of failure)
Confirm with . or Enter, or press ? or * to list all spells.
Flames lash Edmund.
Edmund is burned terribly!
Edmund is severely wounded.
* * * LOW HITPOINT WARNING * * *
Edmund hits you with a +1 dire flail of distortion!
* * * LOW HITPOINT WARNING * * *
An orc comes into view. It is wielding a +0 mace.
Casting: Scorch (safe; 1% risk of failure)
Confirm with . or Enter, or press ? or * to list all spells.
Flames lash Edmund.
Edmund is burned terribly!
Edmund is almost dead.
* * * LOW HITPOINT WARNING * * *
Edmund closely misses you.
Unknown command.
Casting: Scorch (safe; 1% risk of failure)
Confirm with . or Enter, or press ? or * to list all spells.
Flames lash the orc.
You kill the orc!
* * * LOW HITPOINT WARNING * * *
Edmund hits you with a +1 dire flail of distortion.
You die...

##+#######...##
+.......#.....#
#.......#....##
#.......'(....#
.######..##....#
.... #..#######
..... #........#
......#.....†.##
......)@@......#
......########.#
....§ # ...§ ...
.. .


You could see Edmund (combustible).

Vanquished Creatures
  A steam dragon (D:4)
  A phantom (D:4)
  A scorpion (D:5)
  2 hounds
  2 orc priests
  An iguana (D:4)
  Robin (D:3)
  4 adders
  3 worms
  2 dart slugs
  12 orcs
  8 ball pythons
  6 bats
  5 endoplasms
  2 giant cockroaches
  7 hobgoblins
  2 jackals (D:1)
  3 quokkas
  5 frilled lizards
  11 goblins
  6 kobolds
  3 rats
88 creatures vanquished.

Vanquished Creatures (collateral kills)
  3 foxfires (D:1)
3 creatures vanquished.

Vanquished Creatures (others)
  270 foxfires
270 creatures vanquished.

Grand Total: 361 creatures vanquished

Notes
Turn   | Place    | Note
-------+----------+-------------------------------------------
     0 | D:1      | cdecastro the Djinni Fire Elementalist began the quest for
                  | the Orb.
     0 | D:1      | cdecastro set off with the following spells memorised:
                  | Foxfire, Scorch, Volatile Blastmotes, Inner Flame, Flame
                  | Wave.
     0 | D:1      | Reached XP level 1. HP: 15/15 MP: 0/0
   146 | D:1      | Reached XP level 2. HP: 17/22 MP: 0/0
   302 | D:1      | Reached skill level 1 in Fighting
   454 | D:1      | Found a faded altar of an unknown god.
   587 | D:1      | Reached XP level 3. HP: 25/27 MP: 0/0
   587 | D:1      | Learned a level 1 spell: Summon Small Mammal
   598 | D:1      | Reached skill level 3 in Spellcasting
  1529 | D:3      | Reached XP level 4. HP: 30/32 MP: 0/0
  1985 | D:3      | Reached XP level 5. HP: 23/38 MP: 0/0
  1985 | D:3      | Learned a level 2 spell: Lesser Beckoning
  2407 | D:3      | You are sucked into a shaft and drop 2 floors!
  2407 | D:5      | Entered Level 5 of the Dungeon
  2451 | D:5      | Reached skill level 4 in Spellcasting
  2515 | D:5      | Reached XP level 6. HP: 43/45 MP: 0/0
  2836 | D:3      | Found a glowing silver altar of Zin.
  2836 | D:3      | Found an ornate altar of the Wu Jian Council.
  2836 | D:3      | Found a white marble altar of Elyvilon.
  3103 | D:3      | Noticed Robin
  3112 | D:3      | Killed Robin
  3271 | D:4      | Noticed a steam dragon
  3277 | D:4      | Killed a steam dragon
  3278 | D:4      | Reached skill level 5 in Spellcasting
  3278 | D:4      | Reached XP level 7. HP: 17/51 MP: 0/0
  3278 | D:4      | Learned a level 3 spell: Portal Projectile
  3574 | D:4      | Noticed Edmund
  3585 | D:4      | Slain by Edmund

Illustrated notes

Levels and vault maps discovered:
D:1:      amcnicky_arrival_blooded_trapdoor, layout_rooms, serial_forest,
          infiniplex_forest_clump_medium, infiniplex_forest_lined_room_2,
          infiniplex_forest_clump_long, infiniplex_forest_zigzag_1,
          infiniplex_forest_clump_double, shapermc_ecumenical_altar_pompeii
D:2:      layout_basic, minmay_octomino_j4
D:3:      layout_basic, gammafunk_temple_overflow_claw, kennysheep_donut,
          nrook_mini_vaults, minmay_vboxes, uniq_robin
D:4:      layout_gridville, uniq_edmund
D:5:      layout_gridville, minmay_temple_entry_proselytizer,
          nicolae_specific_store

Skill      XL: |  1  2  3  4  5  6  7 |
---------------+----------------------+-----
Fighting       | 1 2 3 4 |  4.1
Spellcasting   | 3 4 5 |  5.3
Dodging        | |  2.1
Stealth        | |  1.5

Action                     |  1- 3 |  4- 6 |  7- 9 || total
---------------------------+-------+-------+-------++-------
  Melee: Dagger            |       |     1 |       ||     1
   Cast: Foxfire           |    73 |    83 |     7 ||   163
         Scorch            |     9 |    24 |    10 ||    43
         Lesser Beckoning  |       |     2 |       ||     2
   Stab: Sleeping          |       |     1 |       ||     1
 Armour: Robe              |     3 |     1 |       ||     4
  Dodge: Dodged            |     6 |     8 |     3 ||    17
